 Dungeon Crawl Stone Soup version 0.31-a0-1036-g31867e1 (webtiles) character file.

Game seed: 838807814338179469

74 Geeful the Changeling (level 4, -2/43 HPs)
             Began as an Octopode Shapeshifter on Nov 18, 2023.
             Slain by an orc priest
             ... wielding a +0 mace
              (7 damage)
             ... on level 3 of the Dungeon.
             The game lasted 00:03:38 (1478 turns).

Geeful the Changeling (Octopode Shapeshifter)       Turns: 1478, Time: 00:03:39

Health: -2/43      AC:  1    Str: 15    XL:     4   Next: 30%
Magic:  4/4        EV: 13    Int: 12    God:
Gold:   90         SH:  0    Dex: 11    Spells: 3/3 levels left

rFire   . .          .
                       - Unarmed
rCold   . . .        (no shield)
rNeg    . . .        (helmet currently unavailable)
rPois   .            (no amulet)
rElec   .            (no ring)
rCorr   .            (no ring)
SInv    .            (no ring)
Will    .....        (no ring) Stlth
                     (no ring)
HPRegen 0.27/turn    (no ring)
MPRegen 0.09/turn    (no ring)
                     (no ring)

%: no passive effects
@: berserking, beast-form, very quick
A: beast (slay +2), almost no armour, amphibious, 8 rings, camouflage 1,
gelatinous body 1, (nimble swimmer 1), tentacles
a: Begin Untransformation


You were on level 3 of the Dungeon.
You were a hulking beast.
You visited 1 branch of the dungeon, and saw 3 of its levels.

You collected 90 gold pieces.

Inventory:

Missiles
 m - 5 poisoned darts (quivered)
Talismans
 b - a beast talisman
 c - a flux talisman
Scrolls
 d - 2 scrolls of identify
 e - a scroll of poison
 i - a scroll of teleportation
 k - a scroll of enchant armour
Potions
 a - a potion of lignification
 h - 2 potions of curing
 l - a potion of berserk rage


   Skills:
 + Level 1.8 Fighting
 + Level 2.5 Dodging
 + Level 3.4 Unarmed Combat
 * Level 3.8 Shapeshifting


You had 3 spell levels left.
You didn't know any spells.
Your spell library contained the following spells:

 Spells                   Type           Power      Damage    Failure   Level
 Blink                    Tloc           0%         N/A       45%         2
 Manifold Assault         Tloc           0%         N/A       97%         4


Dungeon Overview and Level Annotations

Branches:
Dungeon (3/15)

Altars:

Shops:
D:1 :   D:2 =


Innate Abilities, Weirdness & Mutations

You are a hulking beast.
Your limbs bulge with bestial killing power. (Slay +2)
You cannot wear most types of armour.
You are amphibious.
You can wear up to eight rings at the same time.
Your skin changes colour to match your surroundings (Stealth+).
Your rubbery body absorbs attacks. (AC +1, EV +1)
((You are camouflaged when in or above water. (Stealth+)))
You have tentacles for arms and can constrict up to eight enemies at once.


Message History

The orc hits you with a +0 flail!
You barely miss the orc. You grab the orc. You constrict the orc.
The orc hits you with a +0 flail!
You are too injured to fight recklessly!
You release your grip on the orc.
The orc attacks as it pursues you! The orc barely misses you.
The orc attacks as it pursues you! The orc barely misses you.
The orc priest miscasts a cantrip.
The orc barely misses you.
There is a stone staircase leading up here.
The orc barely misses you. The orc closely misses you.
You climb upwards.
There is a stone staircase leading down here.
You tentacle-slap the orc. Your grab misses the orc.
The orc is moderately wounded.
The orc hits you with a +0 hand axe. The orc barely misses you.
You tentacle-slap the orc. You grab the orc. You squeeze the orc.
You kill the orc!
The orc hits you with a +0 flail!
* * * LOW HITPOINT WARNING * * *
You tentacle-slap the orc. Your grab misses the orc. You squeeze the orc.
You kill the orc!
You start resting.
HP restored.
You climb downwards.
The orc hits you with a +0 club. The orc priest closely misses you.
The orc hits you with a +0 club. The orc priest hits you with a +0 mace.
There is a stone staircase leading up, spattered with blood here.
You tentacle-slap the orc priest. Your grab misses the orc priest.
The orc priest is moderately wounded.
The orc hits you with a +0 club.
The orc priest mumbles some strange prayers to Beogh against you.
Pain shoots through your body!
* * * LOW HITPOINT WARNING * * *
A red film seems to cover your vision as you go berserk!
You feel yourself moving faster!
You feel mighty! The orc hits you with a +0 club.
* * * LOW HITPOINT WARNING * * *
The orc priest hits you with a +0 mace!
You die...

.... .#. . ..##
..
.#####..#####...
................
................
#...!..††.....#
####.....##
.......ho.#
.###..o.#.#
##...#)# ###.#.o
#.###. #.# .#
..# . ... #. ..


You could see an orc priest and an orc.

Vanquished Creatures
  A gnoll (D:1)
  2 adders (D:2)
  3 orcs
  A bat (D:1)
  2 endoplasms
  4 giant cockroaches
  2 goblins
  7 hobgoblins
  4 jackals (D:1)
  5 kobolds
  2 quokkas
  2 frilled lizards
  7 rats
42 creatures vanquished.

Notes
Turn   | Place    | Note
-------+----------+-------------------------------------------
     0 | D:1      | Geeful the Octopode Shapeshifter began the quest for the
                  | Orb.
     0 | D:1      | Reached XP level 1. HP: 13/13 MP: 1/1
   161 | D:1      | Reached XP level 2. HP: 18/18 MP: 2/2
   431 | D:1      | Reached XP level 3. HP: 14/23 MP: 3/3
   539 | D:1      | Found Voschamaa's Vocational Training.
   778 | D:2      | Found Romypil's Jewellery Emporium.
   830 | D:2      | Found a faded altar of an unknown god.
   874 | D:2      | Reached XP level 4. HP: 19/29 MP: 4/4
  1478 | D:3      | Slain by an orc priest

Illustrated notes

Levels and vault maps discovered:
D:1:      erik_arrival_orb_chamber, layout_loops_ring,
          hangedman_abyss_or_decor_stabs, nicolae_shop_vocational
D:2:      layout_loops_cross, serial_shops, shop,
          shapermc_ecumenical_altar_acropolis
D:3:      layout_basic, gammafunk_ghost_gnarly_gnolls, minmay_quadrilaterals

Action                     |  1- 3 |  4- 6 || total
---------------------------+-------+-------++-------
  Melee: Unarmed           |    50 |    24 ||    74
         Constrict         |    16 |     7 ||    23
         Tentacles         |     9 |     6 ||    15
         Punch             |     1 |       ||     1
    Use: Scroll            |       |     8 ||     8
         Potion            |       |     1 ||     1
   Stab: Sleeping          |     3 |     3 ||     6
         Distracted        |     1 |       ||     1
 Armour: Skin              |    14 |    13 ||    27
  Dodge: Dodged            |    20 |    14 ||    34

Table legend: (Time is in decaauts)
 A = Elapsed time spent in this place.
 B = Non-inter-level travel time spent in this place.
 C = Inter-level travel time spent in this place.
 D = Time resting spent in this place.
 E = Time spent auto-exploring this place.
 F = Levels seen in this place.
 G = Mean time per level.
                   A        B        C        D        E       F      G
               +--------+--------+--------+--------+--------+-----+--------+
         Total |   1474 |   1427 |     47 |    112 |   1072 |   3 |  491.3 |
       Dungeon |   1474 |   1427 |     47 |    112 |   1072 |   3 |  491.3 |
               +--------+--------+--------+--------+--------+-----+--------+

Top non-repeatable levels by time:
     D:2: 793 daAuts
     D:1: 662 daAuts
     D:3: 17 daAuts
